 Dungeon Crawl Stone Soup version 0.23-a0-78-gc252fe1 (webtiles) character file.

133 mopl the Changer (level 4, -3/21 HPs)
             Began as a Spriggan Transmuter on Aug 10, 2018.
             Was a Follower of Fedhas.
             Slain by an ice beast (10 damage)
             ... on level 3 of the Dungeon.
             The game lasted 00:06:40 (3311 turns).

mopl the Changer (Spriggan Transmuter)              Turns: 3311, Time: 00:06:40

Health: -3/21      AC:  2    Str:  6    XL:     4   Next: 93%
Magic:  5/10       EV: 24    Int: 14    God:    Fedhas [*.....]
Gold:   154        SH:  0    Dex: 22    Spells: 0/10 levels left

rFire    . . .     SeeInvis +     - Unarmed
rCold    . . .     Gourm    .   (shield currently unavailable)
rNeg     . . .     Faith    .   (armour currently unavailable)
rPois    x         Spirit   .   (helmet currently unavailable)
rElec    .         Reflect  .   (cloak currently unavailable)
rCorr    .         Harm     .   (gloves unavailable)
MR       .....                  (boots unavailable)
Stlth    ++........             o - amulet of magic regeneration
HPRegen  0.07/turn              h - +3 ring of evasion
MPRegen  0.37/turn              (no ring)

@: spider-form
A: tiny, unfitting armour, see invisible, herbivore, slow metabolism 2
a: End Transformation, Fungal Bloom, Sunlight, Renounce Religion


You were on level 3 of the Dungeon.
You worshipped Fedhas.
Fedhas was aware of your devotion.
You were not hungry.
You were a venomous arachnid creature.
You visited 1 branch of the dungeon, and saw 3 of its levels.

You collected 154 gold pieces.

Inventory:

Missiles
 a - 21 arrows
Armour
 b - a +0 robe (melded)
Jewellery
 h - a +3 ring of evasion (left front leg)
 o - an amulet of magic regeneration (around neck)
Wands
 m - a wand of acid (5)
 p - a wand of flame (33)
Scrolls
 c - a scroll of remove curse {unknown}
 f - a scroll of amnesia {unknown}
 l - a scroll of fog {unknown}
 n - a scroll of teleportation {unknown}
 q - 2 scrolls of identify {unknown}
 s - a scroll of enchant weapon {unknown}
Potions
 e - a potion of curing
 g - a potion of brilliance {unknown}
 i - a potion of resistance {unknown}
 j - a potion of cancellation {unknown}
 k - a potion of flight {unknown}
 r - 2 potions of might {unknown}
Comestibles
 d - 3 rations


   Skills:
 - Level 0.7 Fighting
 - Level 3.0 Dodging
 * Level 3.3 Unarmed Combat
 + Level 3.9 Spellcasting
 + Level 4.0 Transmutations
 + Level 0.6 Ice Magic
 - Level 1.0 Poison Magic
 + Level 0.4 Invocations


You couldn't memorise any spells.
You knew the following spells:

 Your Spells              Type           Power        Failure   Level  Hunger
a - Beastly Appendage     Tmut           ##....       12%         1    None
b - Spider Form           Tmut/Pois      #.........   41%         3    ###....
c - Ice Form              Ice/Tmut       #.......     78%         4    ####...
w - Sticks to Snakes      Tmut           ##......     16%         2    ##.....

Your spell library contained the following spells:

 Spells                   Type           Power        Failure   Level  Hunger
 Blade Hands              Tmut           ##........   87%         5    ######.


Dungeon Overview and Level Annotations

Branches:
Dungeon (3/15)

Altars:
Fedhas
Okawaru
Uskayaw


Innate Abilities, Weirdness & Mutations

You are very small and have problems with some larger weapons.
You are too small for most types of armour.
You have supernaturally acute eyesight. (SInv)
You are a herbivore.
((You cover ground extremely quickly.))
You need to consume almost no food.


Message History

Confirm with . or Enter, or press ? or * to list all spells.
You create a snake!
You now have 21 arrows.
Casting: Sticks to Snakes (safe; 5% risk of failure)
Confirm with . or Enter, or press ? or * to list all spells.
You turn into a venomous arachnid creature.
Your +0 robe melds into your body.
Your ball python bites the ice beast.
The ice beast hits your ball python. The ice beast freezes your ball python.
Your ball python dies!
Unknown command.
Unknown command.
Your adder bites the ice beast.
The ice beast hits you. The ice beast freezes you.
You are too injured to fight recklessly!
You are too injured to fight recklessly!
You hit the ice beast.
The ice beast is lightly wounded.
Your adder bites the ice beast but does no damage.
The ice beast hits you. The ice beast freezes you!
You die...
Fedhas appreciates your contribution to the ecosystem.

##########
#........#
#........#
#........#
#........#
#....Y...#######
#....Ss.........
#........#####
#..........#
#........#.####
#.(......#)...#
#############.#
#.# #รท#######
#.......##


You could see an ice beast and a friendly adder.

Vanquished Creatures
  5 adders
  2 oozes
  2 worms (D:3)
  5 dart slugs
  A leopard gecko (D:1)
  9 bats
  7 goblins
  2 hobgoblins
  6 jackals
  2 quokkas
  4 frilled lizards
  4 kobolds
  10 rats
59 creatures vanquished.

Vanquished Creatures (collateral kills)
  2 adders
  A jackal (D:1)
3 creatures vanquished.

Vanquished Creatures (others)
  12 toadstools (D:3)
12 creatures vanquished.

Grand Total: 74 creatures vanquished

Notes
Turn   | Place    | Note
-------+----------+-------------------------------------------
     0 | D:1      | mopl the Spriggan Transmuter began the quest for the Orb.
     0 | D:1      | Reached XP level 1. HP: 9/9 MP: 5/5
    70 | D:1      | Reached skill level 3 in Transmutations
    72 | D:1      | Reached skill level 3 in Spellcasting
    78 | D:1      | Reached XP level 2. HP: 14/14 MP: 5/7
    90 | D:1      | Learned a level 2 spell: Sticks to Snakes
   912 | D:1      | Reached XP level 3. HP: 17/17 MP: 6/8
   917 | D:1      | Learned a level 3 spell: Spider Form
  1705 | D:2      | Reached skill level 3 in Unarmed Combat
  1880 | D:2      | Reached XP level 4. HP: 15/21 MP: 8/10
  2066 | D:2      | Learned a level 4 spell: Ice Form
  2191 | D:2      | Found a hide-covered altar of Uskayaw.
  2355 | D:3      | Found a faded altar of an unknown god.
  2404 | D:3      | Became a worshipper of Fedhas Madash
  2404 | D:3      | Reached * piety under Fedhas
  2448 | D:3      | Reached skill level 1 in Poison Magic
  2934 | D:3      | Reached skill level 4 in Transmutations
  2949 | D:3      | Found an iron altar of Okawaru.
  3303 | D:3      | Noticed an ice beast
  3311 | D:3      | Slain by an ice beast

Vault maps used:
D:1:      roderic_dead_forest
D:2:      lemuel_round_altar, first_ration, serial_bayou, serial_bayou_pond_d,
          serial_bayou_pond_e, serial_bayou_pond_d, serial_bayou_ford_a
D:3:      marbit_many_paths, chequers_ecumenical_altar_simple_redux

Skill      XL: |  1  2  3  4 |
---------------+-------------+-----
Transmutations | 3 4 |  4.0
Spellcasting   | 3 |  3.9
Unarmed Combat | 3 |  3.3
Poison Magic   | 1 |  1.0
Fighting       | |  0.7
Dodging        | |  3.0
Ice Magic      | |  0.6
Invocations    | |  0.4

Action                   |  1- 3 |  4- 6 || total
-------------------------+-------+-------++-------
Melee: Unarmed           |   144 |    97 ||   241
       Headbutt          |     6 |     4 ||    10
       Kick              |     7 |    10 ||    17
       Punch             |       |     1 ||     1
 Cast: Beastly Appendage |    26 |     9 ||    35
       Sticks to Snakes  |     4 |     7 ||    11
       Spider Form       |       |     3 ||     3
Invok: Fungal Bloom      |       |     7 ||     7
  Use: Potion            |     1 |       ||     1
 Stab: Sleeping          |     1 |     1 ||     2
  Eat: Ration            |       |     1 ||     1
Armor: Robe              |    26 |       ||    26
       Skin              |       |     3 ||     3
Dodge: Dodged            |   140 |    82 ||   222

Table legend:
 A = Non-vault XP
 B = Vault XP
 C = Vault XP percentage of total XP
 D = Non-vault monster count
 E = Vault monster count
 F = Vault count percentage of total count
 G = Total turns spent on level
                 A         B        C        D         E       F
            +---------+---------+-------+---------+---------+-------
      Total |     188 |       2 |   1.1 |      61 |       1 |   1.6
            +---------+---------+-------+---------+---------+-------
        D:1 |      50 |       0 |   0.0 |      27 |       0 |   0.0
        D:2 |      60 |       0 |   0.0 |      16 |       0 |   0.0
        D:3 |      78 |       2 |   2.5 |      18 |       1 |   5.3
            +---------+---------+-------+---------+---------+-------
